Map: Lerilak Crest

Players

Trizztein

  • Race: Terran Terran
  • League: Platinum

SpiZe - Winner!

  • Race: Zerg Zerg
  • League: Diamond

VOD

Have the link to the VOD?

Description

Time

  • Played on: Jan. 4, 2016, 1:09 p.m.
  • Length: 23:15
Show
View Real Time Build Order
Export as new Build Order

Trizztein Terran 

Build Orders: Reaper Expand, Mech, Banshee Rush 

Get SALT Encoding   

  12  0:00  SCV  
  13  0:13  SCV  
  14  0:17  Supply Depot  
  14  0:25  SCV  
  15  0:39  SCV  
  15  0:40  Barracks  
  16  0:44  Refinery  
  16  0:51  SCV  
  17  1:03  SCV  
  18  1:15  SCV  
  19  1:30  Reaper, Orbital Command  
  20  1:42  Command Center  
  20  1:50  Supply Depot  
  20  1:58  SCV  
  21  2:02  Marine  
  21  2:08  Factory  
  22  2:13  SCV  
  23  2:19  Refinery  
  23  2:25  SCV  
  23  2:27  Barracks Reactor  
  24  2:41  SCV  
  25  2:54  SCV  
  26  3:02  Orbital Command  
  26  3:06  SCV  
  27  3:12  Starport  
  27  3:14  Hellion x2  
  27  3:17  Barracks Tech Lab  
  27  3:18  SCV  
  32  3:29  Orbital Command  
  32  3:30  SCV  
  33  3:38  Supply Depot  
  33  3:42  SCV  
  33  3:44  Hellion x2  
  37  3:57  SCV  
  37  3:59  Banshee, Cloaking Field  
  41  4:03  SCV, Barracks Tech Lab  
  41  4:06  Hellion  
  41  4:07  Widow Mine  
  47  4:10  SCV  
  47  4:18  Supply Depot  
  47  4:20  SCV  
  47  4:22  SCV  
  49  4:24  Supply Depot  
  49  4:32  SCV  
  49  4:34  SCV  
  49  4:37  Command Center  
  49  4:38  Refinery  
  51  4:39  Refinery  
  51  4:40  Supply Depot  
  51  4:43  Widow Mine  
  51  4:44  SCV  
  54  4:51  Banshee  
  57  4:54  SCV  
  57  4:56  SCV  
  59  5:05  Supply Depot  
  59  5:06  SCV  
  60  5:08  SCV  
  60  5:09  Widow Mine  
  63  5:18  SCV  
  63  5:20  SCV  
  65  5:30  SCV  
  65  5:32  Supply Depot, SCV  
  67  5:36  Factory  
  67  5:37  Armory, Factory, Engineering Bay  
  67  5:38  Armory  
  67  5:42  SCV  
  68  5:51  Orbital Command  
  68  5:58  Starport Reactor  
  68  6:08  SCV x2  
  70  6:12  Orbital Command  
  70  6:15  Hellion x2  
  74  6:20  SCV x2  
  74  6:25  Liberator x2  
  76  6:29  Terran Vehicle And Ship Armor Level 1, Terran Vehicle Weapons Level 1  
  76  6:35  Widow Mine  
  76  6:38  Hellion  
  76  6:39  Siege Tank  
  83  6:40  Siege Tank  
  83  6:41  Refinery  
  83  6:44  Refinery  
  83  6:46  SCV x2  
  94  6:51  SCV  
  95  6:58  SCV  
  95  6:59  SCV  
  97  7:03  SCV  
  98  7:11  SCV x2, Siege Tank, Supply Depot  
  98  7:12  Liberator  
  98  7:13  Supply Depot  
  103  7:15  Liberator  
  103  7:22  Supply Depot, Hellion x2  
  107  7:24  Supply Depot  
  107  7:32  SCV  
  107  7:33  SCV x2  
  107  7:36  Supply Depot  
  113  7:37  Supply Depot  
  110  7:45  SCV  
  110  7:48  Missile Turret  
  110  7:49  Missile Turret  
  111  7:52  Supply Depot, Missile Turret x2  
  111  7:53  SCV x2  
  111  7:55  Liberator  
  111  7:57  SCV, Missile Turret  
  114  8:00  Missile Turret  
  114  8:03  Missile Turret  
  114  8:10  SCV, Hellion x2, Siege Tank  
  114  8:11  SCV  
  126  8:18  Factory  
  126  8:19  Barracks Reactor  
  126  8:21  Factory  
  124  8:35  Refinery  
  124  8:37  Medivac  
  126  8:46  Supply Depot x2  
  126  8:47  Hellion x2, Siege Tank x2  
  136  8:49  Terran Vehicle And Ship Armor Level 2, Terran Vehicle Weapons Level 2  
  136  9:04  Command Center  
  136  9:06  Command Center  
  136  9:08  Hellion x2  
  140  9:16  Supply Depot x2  
  140  9:17  Factory Tech Lab  
  140  9:19  Siege Tank  
  140  9:22  Hellion, Widow Mine  
  140  9:23  Hellion  
  148  9:33  Hellion  
  148  9:34  Hellion  
  152  9:44  Hellion, Liberator x2  
  154  9:51  Siege Tank x2  
  154  9:52  Missile Turret  
  158  9:56  Infernal Pre-Igniter  
  156  10:03  Hellion x3, Missile Turret  
  156  10:19  Planetary Fortress  
  156  10:34  Missile Turret  
  156  10:35  Missile Turret x2  
  156  10:37  Missile Turret  
  156  10:39  Missile Turret  
  110  10:53  Liberator x2  
  96  11:11  Hellion x2  
  96  11:12  Hellion x4, Siege Tank  
  96  11:16  Terran Vehicle Weapons Level 3, Terran Ship Weapons Level 1  
  105  11:33  Siege Tank x2  
  105  11:34  Sensor Tower  
  111  11:44  Siege Tank  
  114  11:47  Command Center  
  114  11:49  Missile Turret  
  114  11:50  Missile Turret  
  120  11:59  Liberator x2  
  118  12:08  SCV x3  
  121  12:28  Supply Depot  
  121  12:29  Supply Depot  
  121  12:34  Starport  
  121  12:35  Starport  
  121  12:36  Starport  
  121  12:41  Ghost Academy, Barracks  
  121  12:42  Barracks, Liberator x2  
  118  12:44  Barracks, Fusion Core  
  109  13:06  Hi-Sec Auto Tracking  
  113  13:13  Hellion x2  
  113  13:15  Starport Tech Lab x2  
  113  13:18  Starport Reactor  
  113  13:21  Liberator  
  113  13:25  Liberator  
  113  13:37  Starport Reactor  
  116  13:43  Hellion x4  
  127  14:03  Building Armor  
  127  14:09  Missile Turret  
  126  14:11  Refinery  
  116  14:18  Planetary Fortress  
  116  14:20  Missile Turret  
  116  14:21  Missile Turret x2  
  116  14:24  Missile Turret  
  114  14:32  Terran Ship Weapons Level 2, Terran Vehicle And Ship Armor Level 3  
  114  14:37  Hellion  
  116  14:45  Refinery  
  116  14:47  SCV x3  
  116  15:02  Missile Turret  
  116  15:03  Missile Turret  
  114  15:19  Liberator x2  
  114  15:20  Liberator x2  
  108  15:21  Hellion x2  
  108  15:24  Liberator  
  108  15:27  Barracks Tech Lab  
  110  15:29  Barracks Tech Lab  
  110  15:34  Personal Cloaking, Barracks Tech Lab, Supply Depot  
  110  15:35  Supply Depot  
  110  15:36  Supply Depot  
  121  16:12  Ghost  
  121  16:13  Ghost x2  
  125  16:18  SCV  
  125  16:29  Hellion x2  
  125  16:30  SCV, Hellion x2  
  134  16:41  Ghost x3  
  134  16:44  Hellion  
  142  16:49  Barracks Tech Lab  
  136  16:59  Medivac  
  136  17:00  Medivac  
  125  17:09  Ghost  
  105  17:43  Command Center  
  105  17:50  Ghost  
  107  18:01  Orbital Command  
  107  18:03  Hellion x2  
  105  18:28  Sensor Tower  
  105  18:33  Hellion, Refinery  
  107  18:39  Siege Tank  
  106  19:28  Hellion x3, Siege Tank  
  106  19:29  Command Center  
  115  19:36  Planetary Fortress  
  115  19:45  Siege Tank  
  118  20:00  Hellion x3  
  119  20:55  Hellion x2  
  123  21:07  Siege Tank x2  
  123  21:08  Hellion x2, Siege Tank  
  123  21:09  Medivac x2  
  138  21:34  Hellion x3  
  138  21:39  Siege Tank  
  150  21:40  Siege Tank x2  
  123  22:09  Ghost x2  
  109  22:51  Missile Turret  
  109  22:54  Sensor Tower  
  109  22:55  Missile Turret  
Show
View Real Time Build Order
Export as new Build Order

SpiZe Zerg - Winner!

Build Orders: Hatch First, Muta Ling Bane 

Get SALT Encoding   

  12  0:01  Drone  
  13  0:09  Drone  
  14  0:34  Hatchery  
  13  0:38  Drone  
  14  0:45  Overlord  
  14  1:03  Drone x3  
  17  1:12  Spawning Pool  
  17  1:16  Drone  
  17  1:25  Drone, Extractor  
  17  1:44  Drone  
  18  1:49  Drone x2  
  20  1:55  Hatchery  
  20  1:58  Drone  
  20  2:04  Drone  
  20  2:08  Drone  
  22  2:09  Drone  
  23  2:19  Drone x2  
  25  2:29  Metabolic Boost  
  25  2:35  Overlord x2  
  25  2:41  Queen  
  27  2:46  Drone  
  28  2:53  Queen  
  28  3:01  Zergling x4  
  30  3:07  Drone x4  
  34  3:13  Zergling x4  
  36  3:28  Drone x2  
  36  3:29  Drone x2  
  40  3:36  Drone x2  
  40  3:40  Extractor  
  41  3:43  Drone  
  42  3:49  Drone x2  
  44  3:56  Drone x3  
  44  4:01  Overlord  
  47  4:09  Drone x3  
  49  4:21  Spine Crawler  
  50  4:25  Spine Crawler  
  50  4:30  Lair  
  49  4:32  Drone x2  
  49  4:33  Drone x6  
  49  4:38  Overlord  
  55  4:55  Drone  
  55  4:56  Drone x4  
  60  5:01  Extractor  
  60  5:06  Queen, Extractor  
  60  5:11  Evolution Chamber  
  57  5:35  Spire, Overseer  
  56  5:38  Spore Crawler  
  56  5:40  Spore Crawler  
  53  5:44  Spore Crawler, Extractor  
  53  5:47  Extractor  
  50  5:53  Queen  
  52  5:59  Drone x6  
  58  6:11  Drone  
  58  6:12  Drone x6  
  58  6:13  Overlord  
  65  6:50  Mutalisk  
  65  6:51  Mutalisk x3  
  65  6:52  Overlord x4  
  65  6:53  Zerg Flyer Weapons Level 1  
  73  7:01  Roach Warren  
  73  7:05  Baneling Nest  
  69  7:28  Mutalisk  
  69  7:29  Mutalisk x9  
  87  7:32  Drone x5  
  94  7:37  Zerg Melee Weapons Level 1  
  94  7:47  Drone  
  94  7:48  Hatchery, Drone x5  
  94  7:49  Centrifical Hooks  
  99  8:06  Zergling x12  
  99  8:09  Overlord x2  
  105  8:30  Extractor  
  104  8:38  Zergling x16  
  104  8:39  Zergling x2  
  113  8:46  Infestation Pit  
  112  8:50  Drone x3  
  112  8:51  Drone x2  
  117  9:02  Baneling  
  117  9:03  Extractor, Baneling x20  
  117  9:04  Zergling x2  
  117  9:05  Zergling x12  
  117  9:07  Overlord  
  117  9:09  Drone  
  122  9:32  Drone  
  122  9:33  Drone x5  
  128  9:42  Hive  
  128  9:43  Zergling x6  
  128  9:44  Zergling x8  
  128  9:45  Overlord x5  
  135  9:46  Overlord  
  131  10:13  Drone x4  
  131  10:14  Zergling x24  
  136  10:18  Baneling x6  
  136  10:19  Baneling x14  
  147  10:32  Mutalisk x6  
  120  10:50  Mutalisk  
  120  10:51  Mutalisk x10  
  122  11:08  Mutalisk  
  122  11:09  Mutalisk x7  
  132  11:13  Drone  
  127  11:24  Drone x2  
  127  11:25  Drone x4  
  133  11:37  Hatchery  
  132  11:40  Ultralisk Cavern  
  129  12:15  Zergling x10  
  130  12:16  Zergling x20  
  144  12:27  Chitinous Plating  
  144  12:29  Zerg Ground Armor Level 1  
  144  12:30  Overlord x3  
  144  12:36  Overlord  
  144  12:37  Overlord  
  128  13:01  Baneling x10  
  128  13:02  Baneling  
  128  13:03  Ultralisk x6  
  128  13:04  Ultralisk x2  
  128  13:05  Zergling x22  
  182  13:06  Zergling x4  
  189  13:14  Drone x3  
  189  13:15  Drone x4  
  196  13:41  Zergling x2  
  196  13:42  Zergling x4  
  196  13:44  Extractor  
  196  13:46  Extractor  
  197  14:10  Evolution Chamber  
  196  14:30  Zerg Melee Weapons Level 2  
  196  14:35  Zerg Ground Armor Level 2  
  188  15:24  Ultralisk  
  188  15:26  Zergling x10  
  199  15:34  Roach Warren  
  199  15:35  Drone  
  199  15:41  Zerg Flyer Weapons Level 2  
  181  16:13  Zergling x4  
  181  16:14  Zergling x44  
  195  16:18  Baneling  
  195  16:19  Baneling x7  
  195  16:20  Baneling x5  
  195  16:22  Glial Reconstitution  
  195  16:52  Adrenal Glands  
  195  17:04  Hatchery  
  117  17:27  Roach x3  
  117  17:28  Roach x31  
  117  17:29  Roach x8  
  199  17:35  Overseer x3  
  199  17:37  Pneumatized Carapace  
  199  17:39  Zerg Ground Armor Level 3, Zerg Melee Weapons Level 3  
  199  18:06  Ravager  
  199  18:47  Hydralisk Den  
  197  19:21  Overseer x2  
  195  20:19  Hatchery  
  194  20:25  Hydralisk  
  194  20:26  Hydralisk x2  
  194  20:55  Hydralisk  
  194  20:56  Hydralisk x2  
  200  21:16  Overlord x2  
  200  21:17  Overlord  
  200  21:26  Burrow  
  198  21:58  Hydralisk x7  
  198  21:59  Hydralisk  
  186  22:04  Hydralisk x2  
  186  22:05  Hydralisk x3  
  180  22:12  Roach x3  
  180  22:13  Roach x17  
  194  22:16  Zergling x2  
  194  22:17  Zergling x14  
  194  22:26  Ravager x6  
  195  23:14  Hatchery  
Tags
 
Add a new tag
Caveats
  • Supply blocks, unpowered buildings, or Contaminate may cause inaccurate times.
  • Supply counts are checked every 10 seconds.